 Dungeon Crawl Stone Soup version 0.28-a0-1412-gf95308ed99 (webtiles) character file.

Game seed: 1699213806158626508

2937 HallandMoats the Skirmisher (level 9, -6/75 HPs)
             Began as a Ghoul Fighter on Jan 6, 2022.
             Was a Believer of Okawaru.
             Killed from afar by an electric eel (14 damage)
             ... with a bolt of electricity
             ... on level 7 of the Dungeon.
             The game lasted 00:10:41 (6524 turns).

HallandMoats the Skirmisher (Ghoul Fighter)         Turns: 6524, Time: 00:10:43

Health: -6/75      AC: 10    Str: 20    XL:     9   Next: 80%
Magic:  10/10      EV: 15    Int:  5    God:    Okawaru [**....]
Gold:   407        SH:  5    Dex: 10    Spells: 8/8 levels left

rFire   . . .      SeeInvis .   b - +2 flail (protect)
rCold   + . .      Faith    .   c - +0 buckler
rNeg    + + +      Spirit   .   m - +0 scale mail
rPois   ∞          Reflect  .   (no helmet)
rElec   .          Harm     .   w - +0 cloak
rCorr   .          Rampage  .   (no gloves)
Will    .....                   r - +0 pair of boots
Stlth   ..........              k - amulet of regeneration
HPRegen 0.00/turn               j - +4 ring of evasion
MPRegen 0.12/turn               (no ring)

@: inhibited regen
A: claws 1, cold resistance 1, negative energy resistance 3, inhibited
regeneration, torment resistance 2
a: Renounce Religion, Heroism


You were on level 7 of the Dungeon.
You worshipped Okawaru.
Okawaru was pleased with you.
You visited 2 branches of the dungeon, and saw 8 of its levels.

You collected 685 gold pieces.
You spent 278 gold pieces at shops.

Inventory:

Hand Weapons
 a - a +0 war axe
 b - a +2 flail of protection (weapon)
Missiles
 s - a throwing net (quivered)
Armour
 c - a +0 buckler (worn)
 m - a +0 scale mail (worn)
 r - a +0 pair of boots (worn)
 w - a +0 cloak (worn)
Jewellery
 j - a +4 ring of evasion (left claw)
 k - an amulet of regeneration (around neck)
 t - an amulet of reflection
 F - a ring of flight
Wands
 u - a wand of paralysis (13)
 y - a wand of iceblast (17)
 C - a wand of acid (9)
Scrolls
 e - 2 scrolls of enchant weapon {unknown}
 f - a scroll of amnesia
 g - a scroll of blinking {unknown}
 h - a scroll of vulnerability {unknown}
 i - a scroll of enchant armour {unknown}
 o - a scroll of fear
 q - 2 scrolls of teleportation
Potions
 d - a potion of might
 l - a potion of heal wounds
 n - 2 potions of cancellation
 p - a potion of brilliance
 v - 4 potions of curing
 A - a potion of magic
 B - 2 potions of lignification {unknown}
 D - a potion of flight {unknown}
 E - 3 potions of ambrosia
 H - 2 potions of invisibility


   Skills:
 + Level 6.3 Fighting
 * Level 5.9 Axes
 * Level 6.2 Armour
 * Level 5.4 Dodging
 - Level 5.1 Shields
 + Level 3.7 Invocations


You had 8 spell levels left.
You didn't know any spells.
Your spell library contained the following spells:

 Spells                   Type           Power      Damage    Failure   Level
 Apportation              Tloc           0%         N/A       87%         1
 Foxfire                  Conj/Fire      0%         2x1d4     87%         1
 Magic Dart               Conj           0%         1d3       87%         1
 Passwall                 Tmut/Erth      0%         N/A       95%         2
 Conjure Flame            Conj/Fire      0%         6-21      99%         3
 Inner Flame              Hex/Fire       0%         N/A       99%         3
 Mephitic Cloud           Conj/Pois/Air  0%         N/A       99%         3
 Swiftness                Air            0%         N/A       99%         3
 Flame Wave               Conj/Fire      0%         2d4       100%        4
 Animate Skeleton         Necr           Unusable   N/A       N/A         1
 Summon Small Mammal      Summ           Unusable   N/A       N/A         1
 Call Imp                 Summ           Unusable   N/A       N/A         2

Dungeon Overview and Level Annotations

Branches:
Dungeon (7/15)             Temple (1/1) D:5

Altars:
Ashenzari
Cheibriados
Dithmenos
Elyvilon
Fedhas
Gozag
Hepliaklqana
Kikubaaqudgha
Makhleb
Okawaru
Qazlal
Ru
Sif Muna
Trog
Uskayaw
Vehumet
Wu Jian
Xom
Yredelemnul
Zin
The Shining One

Shops:
D:4 !   D:6 =:!!


Innate Abilities, Weirdness & Mutations

You thrive by killing the living.
You are immune to poison.
You have sharp fingernails.
Your flesh is cold resistant. (rC+)
You are immune to negative energy. (rN+++)
You do not regenerate when monsters are visible.
You are immune to unholy pain and torment.


Message History

The bolt of electricity hits you! x2
An electric eel is nearby!
You are too injured to fight recklessly!
An electric eel is nearby!
You are too injured to fight recklessly!
You are too injured to fight recklessly!
You are too injured to fight recklessly!
You are too injured to fight recklessly!
You hit the electric eel but do no damage.
The electric eel is heavily wounded.
You miss the electric eel.
The electric eel is heavily wounded.
The electric eel shoots out a bolt of lightning at you!
The bolt of electricity hits you. x2
You barely miss the electric eel.
The electric eel is heavily wounded.
You barely miss the electric eel.
The electric eel is heavily wounded.
The electric eel shoots out a bolt of lightning at you!
The bolt of electricity hits you!
* * * LOW HITPOINT WARNING * * *
The bolt of electricity hits you!
* * * LOW HITPOINT WARNING * * *
You feel much better.
The electric eel shoots out a bolt of lightning at you!
The bolt of electricity misses you. The bolt of electricity hits you!
* * * LOW HITPOINT WARNING * * *
You closely miss the electric eel.
The electric eel is heavily wounded.
You closely miss the electric eel.
The electric eel is heavily wounded.
The electric eel shoots out a bolt of lightning at you!
The bolt of electricity misses you. x2
You closely miss the electric eel.
The electric eel is heavily wounded.
The electric eel shoots out a bolt of lightning at you!
The bolt of electricity hits you!
* * * LOW HITPOINT WARNING * * *
The bolt of electricity hits you!
You die...

#
#..########...........
#.....................
###.###...##..........
###.##..# ####........
####......# ###....####
......#.######.........
####.....=.....#
#............#
.........@.....#
#..≈≈≈≈.≈≈S≈≈..#
#..≈≈≈≈.≈≈≈≈≈..#
#..≈≈≈≈.≈≈≈≈≈$.#
#..≈≈≈≈.≈≈≈≈≈..#
#.≈≈≈≈........#
.......≈≈≈≈..#
.≈≈≈≈≈.≈≈≈≈..#


You could see an electric eel.

Vanquished Creatures
  A shadow (D:4)
  A steam dragon (Temple)
  An ice beast (D:6)
  3 necrophages
  A black bear (D:6)
  3 sky beasts
  5 ogres
  3 centaurs
  A kobold brigand (D:7)
  A phantom (D:6)
  Blork the orc (D:5)
  2 bullfrogs
  4 scorpions
  A wyvern skeleton (D:7)
  A bullfrog zombie (D:6)
  2 centaur skeletons (D:5)
  Crazy Yiuf (D:4)
  An iron imp (D:5)
  2 jellies
  A bullfrog skeleton (D:5)
  An orc wizard (D:5)
  Ijyb (D:5)
  4 iguanas
  2 hound skeletons (D:4)
  A howler monkey zombie (D:7)
  3 gnolls
  A howler monkey skeleton (D:7)
  9 adders
  A white imp (D:5)
  2 worms
  3 dart slugs
  17 orcs
  4 endoplasms
  4 giant cockroaches
  5 goblins
  4 hobgoblins
  7 jackals
  2 quokkas
  12 ball pythons
  3 bats
  4 frilled lizards
  14 kobolds
  A quokka skeleton (D:4)
  9 rats
150 creatures vanquished.

Notes
Turn   | Place    | Note
-------+----------+-------------------------------------------
     0 | D:1      | HallandMoats the Ghoul Fighter began the quest for the Orb.
     0 | D:1      | Reached XP level 1. HP: 19/19 MP: 0/0
   273 | D:1      | Reached XP level 2. HP: 14/26 MP: 1/1
   809 | D:1      | Found a faded altar of an unknown god.
  1004 | D:1      | Reached XP level 3. HP: 18/31 MP: 2/2
  1269 | D:2      | You fall into a shaft and drop 1 floor!
  1538 | D:3      | Noticed a +4 dagger
  1539 | D:3      | Noticed a +0 dagger
  1542 | D:3      | Found a hide-covered altar of Uskayaw.
  1691 | D:2      | Reached skill level 1 in Dodging
  1694 | D:2      | Reached XP level 4. HP: 39/40 MP: 3/3
  2713 | D:4      | Noticed a bullfrog
  2722 | D:4      | Reached XP level 5. HP: 29/46 MP: 4/4
  2918 | D:4      | Found a runed translucent door.
  2919 | D:4      | Noticed Crazy Yiuf
  3159 | D:4      | Reached XP level 6. HP: 44/52 MP: 5/5
  3219 | D:4      | Noticed a sky beast
  3220 | D:4      | Found Tyxai's Distillery.
  3263 | D:3      | Killed a sky beast
  3445 | D:4      | Noticed a necrophage
  3458 | D:4      | Killed a necrophage
  3459 | D:4      | Reached XP level 7. HP: 55/60 MP: 6/6
  3461 | D:4      | Bought a potion of heal wounds for 55 gold pieces
  3625 | D:4      | Killed Crazy Yiuf
  3672 | D:5      | Entered Level 5 of the Dungeon
  3720 | D:5      | Noticed Ijyb
  3732 | D:5      | Killed Ijyb
  3739 | D:5      | Noticed a shadow
  3770 | D:4      | Killed a shadow
  3771 | D:4      | Reached skill level 5 in Shields
  3790 | D:5      | Reached skill level 5 in Fighting
  3813 | D:5      | Found a staircase to the Ecumenical Temple.
  3834 | D:5      | Noticed a steam dragon
  3835 | D:5      | Noticed Blork the orc
  3853 | Temple   | Entered the Ecumenical Temple
  3953 | Temple   | Became a worshipper of Warmaster Okawaru
  3975 | Temple   | Reached XP level 8. HP: 47/68 MP: 7/7
  3988 | Temple   | Reached skill level 1 in Invocations
  4045 | Temple   | HP: 3/68 [steam dragon (3)]
  4048 | Temple   | Reached * piety under Okawaru
  4115 | D:5      | Killed Blork the orc
  4255 | D:5      | Reached skill level 5 in Armour
  4286 | D:5      | Found a shimmering altar of Xom.
  4286 | D:5      | Found a shimmering altar of Xom.
  4286 | D:5      | Found a shimmering altar of Xom.
  4296 | D:5      | Found a shimmering altar of Xom.
  4296 | D:5      | Found a shimmering altar of Xom.
  4355 | D:5      | Found a basalt altar of Yredelemnul.
  4430 | D:5      | Reached XP level 9. HP: 74/74 MP: 8/10
  4646 | D:5      | Found a shadowy altar of Dithmenos.
  4734 | D:5      | Found a snail-covered altar of Cheibriados.
  4747 | D:5      | Reached skill level 5 in Axes
  4878 | D:6      | Found Ravo's Book Boutique.
  4883 | D:6      | Found Turog's Jewellery Shop.
  4968 | D:6      | Reached ** piety under Okawaru
  5080 | D:6      | Found an opulent altar of Gozag.
  5081 | D:6      | Found an ancient bone altar of Kikubaaqudgha.
  5263 | D:6      | Reached skill level 5 in Dodging
  5291 | D:6      | Found Ojeu's Distillery.
  5299 | D:6      | Bought a potion of invisibility for 104 gold pieces
  5299 | D:6      | Bought a potion of curing for 39 gold pieces
  5376 | D:6      | Found Deorudd's Distillery.
  5385 | D:6      | Bought a potion of invisibility for 80 gold pieces
  5506 | D:6      | Found an ornate altar of the Wu Jian Council.
  6524 | D:7      | Killed from afar by an electric eel

Illustrated notes

Levels and vault maps discovered:
D:1:      saegor_arrival_miasma, layout_loops_ring,
          nicolae_ecumenical_snake_handling, hangedman_decor_growths
D:2:      layout_basic, chequers_serial_rivers_micro_d
D:3:      layout_basic, dancing_weapons_uskayaw
D:4:      layout_cave_pools, serial_shops, shop, uniq_crazy_yiuf_cottage
D:5:      cheibrodos_fzero, layout_loops_ring, kennysheep_little_box,
          yredelemnul_altar_generic, xom_redecorated, slow_altar_2,
          minmay_temple_entry_sparse_star, uniq_blork_the_orc, uniq_ijyb
D:6:      layout_gridville, mainiacjoe_overflow_small_starburst,
          nicolae_wu_jian_immortal_techniques, jmf_multi_god_temple,
          serial_shops, shop, shop, shop, shop_fountains
D:7:      layout_rooms, amcnicky_altar_gilded, minivault_14
Temple:   jpeg_temple_clearing

Skill      XL: |  1  2  3  4  5  6  7  8  9 |
---------------+----------------------------+-----
Shields        | 3 4 5 |  5.1
Axes           | 2 3 4 5 |  5.9
Dodging        | 1 2 3 4 5 |  5.4
Armour         | 3 4 5 6 |  6.2
Fighting       | 4 5 6 |  6.3
Invocations    | 2 3 |  3.7

Action                   |  1- 3 |  4- 6 |  7- 9 || total
-------------------------+-------+-------+-------++-------
Melee: War axe           |    92 |       |       ||    92
       Flail             |    49 |   151 |   317 ||   517
  Use: Potion            |       |       |     3 ||     3
       Scroll            |       |       |    14 ||    14
Armor: Scale mail        |    89 |    83 |   182 ||   354
Dodge: Dodged            |    80 |   118 |   290 ||   488
Block: Buckler           |    39 |    35 |    91 ||   165

Table legend: (Time is in decaauts)
 A = Elapsed time spent in this place.
 B = Non-inter-level travel time spent in this place.
 C = Inter-level travel time spent in this place.
 D = Time resting spent in this place.
 E = Time spent auto-exploring this place.
 F = Levels seen in this place.
 G = Mean time per level.
                   A        B        C        D        E       F      G
               +--------+--------+--------+--------+--------+-----+--------+
         Total |   6743 |   6552 |    191 |   1216 |   3885 |   8 |  842.9 |
       Dungeon |   6493 |   6302 |    191 |   1146 |   3802 |   7 |  927.6 |
        Temple |    249 |    249 |      0 |     70 |     83 |   1 |  249.0 |
               +--------+--------+--------+--------+--------+-----+--------+

Top non-repeatable levels by time:
     D:6: 1415 daAuts
     D:1: 1250 daAuts
     D:3: 1181 daAuts
     D:5: 968 daAuts
     D:4: 876 daAuts
     D:2: 501 daAuts
     D:7: 299 daAuts
  Temple: 249 daAuts
